Map: Cactus Valley LE (Void)

Players

Musumeci

  • Race: Zerg Zerg
  • League: Diamond
  • Spawn Location: 11:00

llllllllllll - Winner!

  • Race: Zerg Zerg
  • League: Diamond
  • Spawn Location: 7:00

VOD

Have the link to the VOD?

Description

Time

  • Played on: March 12, 2017, 8:32 a.m.
  • Length: 7:16
Show
View Real Time Build Order
Export as new Build Order

Musumeci Zerg 

Build Orders: Hatch First 

Get SALT Encoding   

  12  0:00  Drone  
  13  0:08  Drone  
  13  0:13  Extractor  
  13  0:16  Drone  
  15  0:26  Overlord  
  15  0:44  Drone x2  
  15  0:45  Drone  
  18  1:01  Hatchery  
  17  1:05  Drone, Extractor  
  17  1:21  Spawning Pool  
  16  1:26  Drone  
  16  1:29  Drone  
  18  1:38  Drone  
  19  1:40  Drone  
  20  1:56  Overlord  
  20  2:07  Metabolic Boost  
  20  2:10  Queen  
  20  2:15  Queen  
  24  2:28  Evolution Chamber  
  24  2:30  Zergling x4  
  25  2:42  Drone x5, Extractor  
  30  3:00  Baneling Nest  
  30  3:01  Zergling x2  
  30  3:02  Zergling x2  
  31  3:10  Zergling x4  
  33  3:20  Overlord  
  33  3:31  Overlord  
  33  3:35  Evolution Chamber  
  32  3:44  Baneling x2  
  28  4:03  Zergling x4  
  28  4:04  Zergling x18  
  37  4:17  Zerg Ground Armor Level 1  
  37  4:18  Zergling x8  
  41  4:31  Drone  
  41  4:33  Hatchery  
  41  4:42  Drone x3  
  38  5:07  Drone x5  
  38  5:11  Overlord  
  42  5:37  Spine Crawler  
  42  5:38  Spine Crawler  
  42  5:39  Spine Crawler  
  42  5:40  Spine Crawler  
  42  5:41  Drone x8  
  45  6:07  Extractor  
  45  6:08  Lair  
  46  6:15  Extractor x2  
  44  6:23  Zergling x12  
  43  6:42  Spine Crawler  
  43  6:43  Spine Crawler  
Show
View Real Time Build Order
Export as new Build Order

llllllllllll Zerg - Winner!

Build Orders: Hatch First 

Get SALT Encoding   

  12  0:01  Drone  
  13  0:13  Overlord  
  13  0:17  Drone  
  14  0:31  Drone x2  
  16  0:36  Drone  
  17  0:54  Hatchery  
  17  0:55  Drone  
  17  0:58  Drone  
  17  1:01  Extractor  
  17  1:16  Spawning Pool  
  17  1:17  Drone  
  17  1:20  Drone  
  18  1:28  Drone  
  19  1:39  Overlord  
  19  2:03  Queen  
  19  2:04  Zergling x4  
  19  2:05  Queen  
  19  2:07  Drone  
  19  2:08  Metabolic Boost  
  26  2:12  Drone  
  27  2:16  Drone  
  28  2:25  Baneling Nest  
  28  2:27  Drone  
  28  2:31  Drone  
  28  2:35  Drone  
  30  2:55  Drone x3, Overlord  
  33  3:00  Roach Warren  
  32  3:07  Drone x2  
  34  3:20  Drone x4  
  34  3:21  Drone x3  
  34  3:24  Overlord  
  41  3:35  Zergling x2  
  41  3:36  Zergling x2  
  41  3:37  Baneling  
  41  3:39  Extractor  
  41  3:47  Roach  
  41  3:48  Roach  
  45  3:53  Roach x2  
  45  3:54  Roach  
  48  3:56  Roach  
  48  3:58  Zergling x2  
  51  4:18  Overlord x2  
  51  4:21  Overlord  
  51  4:25  Lair  
  51  4:30  Hatchery  
  50  4:34  Baneling x2  
  50  4:35  Queen, Baneling  
  52  4:39  Overlord  
  52  4:41  Roach, Zergling x2  
  52  4:42  Zergling x4  
  52  4:44  Extractor  
  55  4:58  Roach x3  
  61  5:12  Baneling x3  
  61  5:16  Overlord  
  61  5:32  Glial Reconstitution, Drone x6  
  67  5:42  Baneling x3  
  67  5:43  Drone x4  
  67  5:44  Queen, Drone  
  74  5:57  Overseer  
  74  5:59  Drone x3  
  77  6:05  Roach x5  
  77  6:10  Drone x2  
  89  6:14  Overlord  
  89  6:15  Drone x2, Overlord  
  88  6:32  Queen  
  89  6:34  Overlord x2  
  89  6:36  Roach x7  
  103  6:40  Baneling  
  103  6:42  Zergling x4  
  105  6:50  Overlord x2  
Tags
 
Add a new tag
Caveats
  • Supply blocks, unpowered buildings, or Contaminate may cause inaccurate times.
  • Supply counts are checked every 10 seconds.